 Dungeon Crawl Stone Soup version 0.27-a0-676-gc1da3516c2 (webtiles) character file.

Game seed: 7381560048365539676

2773 Iartes the Geomancer (level 9, -4/49 HPs)
             Began as a Gargoyle Earth Elementalist on Mar 18, 2021.
             Was a Follower of Vehumet.
             Slain by a wight
             ... wielding a +0 great sword
              (11 damage)
             ... on level 6 of the Dungeon.
             The game lasted 00:16:29 (11577 turns).

Iartes the Geomancer (Gargoyle Earth Elementalist) Turns: 11577, Time: 00:16:30

Health: -4/49      AC:  9    Str: 11    XL:     9   Next: 70%
Magic:  15/18      EV: 12    Int: 20    God:    Vehumet [*.....]
Gold:   316        SH:  0    Dex: 10    Spells: 11/20 levels left

rFire    . . .     SeeInvis .   j - +1 flail
rCold    . . .     Faith    .   (no shield)
rNeg     + . .     Spirit   .   c - +0 robe
rPois    ∞         Reflect  .   (no helmet)
rElec    +         Harm     .   m - +0 cloak
rCorr    .         Rampage  .   (no gloves)
Will     .....                  (no boots)
Stlth    ++........             (no amulet)
HPRegen  0.16/turn              (no ring)
MPRegen  0.16/turn              (no ring)

@: no status effects
A: AC +6, negative energy resistance 1, electricity resistance, torment
resistance 1, unbreathing 1, petrification resistance
a: Renounce Religion


You were on level 6 of the Dungeon.
You worshipped Vehumet.
Vehumet was aware of your devotion.
You visited 2 branches of the dungeon, and saw 8 of its levels.
You also visited: Ossuary.

You collected 316 gold pieces.

Inventory:

Hand Weapons
 a - a +0 club
 e - the +7 dagger "Jellybane" {distort, *Slow rElec rC+}
   (You found it on level 5 of the Dungeon)

   It warps and distorts space around it.
   Unwielding it can cause banishment or high damage.
   It protects you from cold.
   It insulates you from electricity.
   It may slow you when you take damage.
 f - a +1 dire flail of protection
 h - a +0 mace
 j - a +1 flail (weapon)
Missiles
 b - 14 stones
Armour
 c - a +0 robe (worn)
 m - a +0 cloak (worn)
 s - a +0 scale mail
Magical Staves
 l - a staff of fire
Scrolls
 n - 3 scrolls of immolation
 o - a scroll of magic mapping
 p - 5 scrolls of teleportation
Potions
 d - a potion of cancellation {unknown}
 g - 8 potions of curing
 i - 2 potions of berserk rage
 k - 3 potions of brilliance
 q - a potion of mutation {unknown}
 r - 2 potions of flight
 t - 2 potions of haste


   Skills:
 + Level 2.5 Fighting
 + Level 2.3 Maces & Flails
 + Level 2.7 Armour
 + Level 2.6 Dodging
 - Level 2.1 Stealth
 + Level 6.4 Spellcasting
 + Level 7.0 Conjurations
 - Level 0.7 Transmutations
 + Level 8.8 Earth Magic
 + Level 2.1 Evocations


You had 11 spell levels left.
You knew the following spells:

 Your Spells              Type           Power      Damage    Failure   Level
a - Sandblast             Erth           82%        2d17      1%          1
b - Stone Arrow           Conj/Erth      76%        3d11      1%          3
c - Lee's Rapid Deconstr  Erth           20%        3d13*     8%          5

Your spell library contained the following spells:

 Spells                   Type           Power      Damage    Failure   Level
 Foxfire                  Conj/Fire      80%        2x1d8     2%          1
 Magic Dart               Conj           100%       1d8       1%          1
 Passwall                 Tmut/Erth      20%        N/A       2%          2
 Conjure Flame            Conj/Fire      20%        6-21      7%          3
 Animate Skeleton         Necr           12%        N/A       10%         1
 Apportation              Tloc           12%        N/A       10%         1
 Corona                   Hex            6%         N/A       10%         1
 Summon Small Mammal      Summ           24%        N/A       10%         1
 Mephitic Cloud           Conj/Pois/Air  15%        N/A       12%         3
 Petrify                  Tmut/Erth      25%        N/A       14%         4
 Blink                    Tloc           N/A        N/A       16%         2
 Call Imp                 Summ           6%         N/A       16%         2
 Slow                     Hex            6%         N/A       16%         2


Dungeon Overview and Level Annotations

Branches:
Dungeon (7/15)             Temple (1/1) D:5         Ossuary (visited)

Altars:
Ashenzari
Cheibriados
Dithmenos
Elyvilon
Fedhas
Gozag
Hepliaklqana
Kikubaaqudgha
Makhleb
Nemelex Xobeh
Okawaru
Qazlal
Ru
Sif Muna
Trog
Uskayaw
Vehumet
Wu Jian
Xom
Yredelemnul
Zin
The Shining One


Innate Abilities, Weirdness & Mutations

Your stone body is resilient. (AC +6)
You are immune to poison.
You resist negative energy. (rN+)
You are resistant to electric shocks. (rElec)
You are resistant to unholy torment.
You can survive without breathing.
You are immune to petrification.


Message History

Unknown command.
The adder bites you but does no damage.
There is a stone staircase leading up here.
The adder misses you.
The wight hits you with a +0 great sword!
* * * LOW HITPOINT WARNING * * *
You climb upwards.
There is a stone staircase leading down here.
Unknown command.
Unknown command.
Casting: Sandblast (safe; 1% risk of failure)
Confirm with . or Enter, or press ? or * to list all spells.
Aiming: Sandblast (safe; 1% risk of failure)
Press: ? - help, Shift-Dir - straight line, f - wight
Aim: a wight, wielding a +0 great sword and wearing a +0 robe (17% to evade)
The blast of sand hits the wight.
The wight is moderately damaged.
The adder closely misses you.
The wight hits you with a +0 great sword.
* * * LOW HITPOINT WARNING * * *
The adder bites you but does no damage.
Casting: Sandblast (safe; 1% risk of failure)
Confirm with . or Enter, or press ? or * to list all spells.
Aiming: Sandblast (safe; 1% risk of failure)
Press: ? - help, Shift-Dir - straight line, f/p - wight
Aim: a wight, wielding a +0 great sword and wearing a +0 robe (moderately damaged, 17% to evade)
The blast of sand hits the wight!
The wight is severely damaged.
The adder bites you but does no damage. The wight barely misses you.
Casting: Sandblast (safe; 1% risk of failure)
Confirm with . or Enter, or press ? or * to list all spells.
Aiming: Sandblast (safe; 1% risk of failure)
Press: ? - help, Shift-Dir - straight line, f/p - wight
Aim: a wight, wielding a +0 great sword and wearing a +0 robe (severely damaged, 17% to evade)
The blast of sand hits the wight.
The wight is almost destroyed.
The adder bites you.
* * * LOW HITPOINT WARNING * * *
The wight hits you with a +0 great sword!
You die...

#.# ###'##### #.#
#.....# # #.#
#.._..# # #.#
#.....# # #.#
######### #.# ... #.
###.#######??. ###
#zS......##### #..
#@.......# #..
###.###### ### #.#
#.# #.##############
#...............
####################
#...................
#.##################


You could see a wight and an adder.

Vanquished Creatures
  Grinder (D:6)
  Edmund (D:6)
  A water moccasin (D:7)
  An ice beast (D:7)
  3 sky beasts
  4 black bears
  An ogre (D:6)
  A centaur (D:5)
  2 kobold brigands
  A bullfrog (D:7)
  A scorpion (D:7)
  A water moccasin skeleton (D:5)
  5 wights (D:7)
  4 hounds
  2 centaur zombies (Ossuary)
  A human zombie (Ossuary)
  2 orc priests (D:7)
  A centaur skeleton (D:7)
  A jelly (D:5)
  3 bullfrog skeletons
  A gnoll shaman (D:6)
  2 orc wizards
  3 iguanas
  2 hound skeletons (D:5)
  4 mummies (Ossuary)
  A howler monkey zombie (D:7)
  3 gnolls (D:6)
  11 adders
  A howler monkey skeleton (D:6)
  2 white imps
  2 ufetubi
  An ooze (D:3)
  2 adder skeletons (D:6)
  3 worms
  A dart slug (D:5)
  8 leopard geckos
  21 orcs
  5 bats
  5 giant cockroaches
  10 goblins
  13 hobgoblins
  2 jackals
  3 quokkas
  A ball python (D:2)
  5 frilled lizards
  3 hobgoblin zombies (Ossuary)
  16 kobolds
  2 orc zombies (Ossuary)
  A quokka skeleton (D:5)
  6 rats
177 creatures vanquished.

Vanquished Creatures (others)
  A jackal (D:5)
1 creature vanquished.

Grand Total: 178 creatures vanquished

Notes
Turn   | Place    | Note
-------+----------+-------------------------------------------
     0 | D:1      | Iartes the Gargoyle Earth Elementalist began the quest for
                  | the Orb.
     0 | D:1      | Reached XP level 1. HP: 10/10 MP: 3/3
   388 | D:1      | Reached XP level 2. HP: 15/15 MP: 5/5
   395 | D:1      | Reached skill level 4 in Earth Magic
  1843 | D:2      | Reached XP level 3. HP: 18/19 MP: 6/6
  2834 | D:2      | Reached XP level 4. HP: 8/24 MP: 6/8
  3039 | D:3      | Reached skill level 5 in Earth Magic
  3178 | D:3      | Learned a level 3 spell: Stone Arrow
  3334 | D:3      | Found a shimmering blue altar of Sif Muna.
  3845 | D:3      | Reached skill level 1 in Conjurations
  3848 | D:3      | Reached XP level 5. HP: 28/28 MP: 5/10
  4489 | D:4      | Learned a level 5 spell: Lee's Rapid Deconstruction
  4990 | D:4      | Reached XP level 6. HP: 29/32 MP: 6/11
  5088 | D:4      | Found an iron altar of Okawaru.
  5176 | D:4      | Found a hide-covered altar of Uskayaw.
  5501 | D:5      | Entered Level 5 of the Dungeon
  5539 | D:5      | Identified the +7 dagger "Jellybane" {distort, *Slow rElec
                  | rC+}
  5648 | D:5      | Found a sand-covered staircase.
  5655 | Ossuary  | Entered an ossuary
  6033 | Ossuary  | Reached skill level 6 in Earth Magic
  6559 | D:5      | Reached XP level 7. HP: 14/36 MP: 0/13
  7524 | D:5      | Found a staircase to the Ecumenical Temple.
  7536 | Temple   | Entered the Ecumenical Temple
  7838 | Temple   | Became a worshipper of Vehumet
  8247 | D:6      | Noticed Grinder
  8253 | D:6      | Killed Grinder
  8254 | D:6      | Reached skill level 5 in Spellcasting
  8254 | D:6      | Reached skill level 5 in Conjurations
  8254 | D:6      | Reached skill level 7 in Earth Magic
  8254 | D:6      | Reached XP level 8. HP: 39/41 MP: 2/15
  8354 | D:6      | Found a glowing silver altar of Zin.
  8723 | D:6      | Found a sparkling altar of Nemelex Xobeh.
  8726 | D:6      | Found a hazy altar of Hepliaklqana.
  8729 | D:6      | Found a burning altar of Makhleb.
  8732 | D:6      | Found a sacrificial altar of Ru.
  9146 | D:6      | Reached skill level 8 in Earth Magic
  9468 | D:6      | Noticed Edmund
  9472 | D:6      | Killed Edmund
  9992 | D:6      | Reached skill level 1 in Fighting
  9992 | D:6      | Reached skill level 1 in Armour
  9992 | D:6      | Reached XP level 9. HP: 46/47 MP: 13/18
 10098 | D:6      | Reached skill level 1 in Maces & Flails
 10269 | D:7      | Reached skill level 1 in Evocations
 10308 | D:7      | Reached * piety under Vehumet
 10308 | D:7      | Offered knowledge of Foxfire by Vehumet.
 11043 | D:7      | Found a shimmering altar of Xom.
 11577 | D:6      | Slain by a wight

Illustrated notes

Levels and vault maps discovered:
D:1:      elethiomel_arrival_shortcut, layout_loops_corners,
          roderic_roman_lattice
D:2:      minmay_alternating_diamond, layout_loops_ring
D:3:      layout_basic, lemuel_doored_altar, minmay_fractal_squares_5
D:4:      layout_cave_pools, marbit_many_paths, general_overflow_altar
D:5:      layout_basic, minmay_temple_entry_slanted, enter_ossuary_5,
          portal_sewer_entry_f
D:6:      layout_basic, zin_scriptorium, old_standard_altar,
          grunt_temple_overflow_cloverleaf, uniq_edmund, uniq_grinder
D:7:      layout_cave_pods, xom_teletrap_fun
Temple:   hc_temple_tempest_star

Skill      XL: |  1  2  3  4  5  6  7  8  9 |
---------------+----------------------------+-----
Earth Magic    | 4 5 6 7 8 |  8.8
Spellcasting   | 3 4 5 6 |  6.4
Conjurations   | 1 3 4 5 6 7 |  7.0
Fighting       | 1 2 |  2.5
Armour         | 1 2 |  2.7
Maces & Flails | 2 |  2.3
Dodging        | 2 |  2.6
Evocations     | 2 |  2.1
Stealth        | |  2.1
Transmutations | |  0.7

Action                   |  1- 3 |  4- 6 |  7- 9 || total
-------------------------+-------+-------+-------++-------
Melee: Unarmed           |     9 |       |       ||     9
       Club              |    21 |       |       ||    21
       Mace              |    56 |    60 |       ||   116
       Flail             |       |    38 |   250 ||   288
 Cast: Sandblast         |    26 |    73 |    89 ||   188
       Stone Arrow       |       |     7 |    16 ||    23
       Lee's Rapid Decon |       |       |     1 ||     1
  Use: Scroll            |     3 |    10 |     4 ||    17
       Potion            |       |     2 |     4 ||     6
 Stab: Sleeping          |     1 |     6 |     1 ||     8
Armor: Robe              |    35 |    60 |   197 ||   292
       Skin              |       |     5 |       ||     5
Dodge: Dodged            |    60 |   105 |   279 ||   444

Table legend: (Time is in decaauts)
 A = Elapsed time spent in this place.
 B = Non-inter-level travel time spent in this place.
 C = Inter-level travel time spent in this place.
 D = Time resting spent in this place.
 E = Time spent auto-exploring this place.
 F = Levels seen in this place.
 G = Mean time per level.
                   A        B        C        D        E       F      G
               +--------+--------+--------+--------+--------+-----+--------+
         Total |  11723 |  11408 |    315 |   1819 |   7874 |   9 | 1302.6 |
       Dungeon |  10490 |  10219 |    271 |   1191 |   7517 |   7 | 1498.6 |
        Temple |    329 |    285 |     44 |      0 |    284 |   1 |  329.0 |
       Ossuary |    903 |    903 |      0 |    628 |     73 |   1 |  903.0 |
               +--------+--------+--------+--------+--------+-----+--------+

Top non-repeatable levels by time:
     D:6: 2016 daAuts
     D:3: 1641 daAuts
     D:5: 1546 daAuts
     D:1: 1501 daAuts
     D:2: 1381 daAuts
     D:7: 1379 daAuts
     D:4: 1024 daAuts
 Ossuary: 903 daAuts
  Temple: 329 daAuts
